 Dungeon Crawl Stone Soup version 0.20.1-1-g8b1a95d (webtiles) character file.

93 Monsterracer the Skirmisher (level 4, -4/40 HPs)
             Began as a Hill Orc Warper on Aug 12, 2017.
             Was a Believer of Elyvilon.
             Slain by Sigmund
             ... wielding a +0 scythe
              (6 damage)
             ... on level 3 of the Dungeon.
             The game lasted 00:08:05 (2365 turns).

Monsterracer the Skirmisher (Hill Orc Warper)       Turns: 2365, Time: 00:08:06

Health: -4/40      AC:  7    Str: 13 (14) XL:     4   Next: 62%
Magic:  4/6        EV: 11    Int: 10 (13) God:    Elyvilon [**....]
Gold:   38         SH:  4    Dex:  7 (10) Spells: 4/6 levels left

rFire    . . .     SeeInvis .   a - +0 hand axe
rCold    . . .     Gourm    .   (no shield)
rNeg     . . .     Faith    .   b - +0 leather armour
rPois    .         Spirit   .   m - +1 helmet
rElec    .         Reflect  .   (no cloak)
rCorr    .         Harm     .   (no gloves)
MR       .....                  (no boots)
Stlth    +.........             (no amulet)
Regen    0.2/turn               (no ring)
MPRegen  0.1/turn               (no ring)

@: protection
A: iridescent scales 1, large bone plates 1, wild magic 1
a: Lesser Healing, Heal Other, Divine Protection, Renounce Religion


You were on level 3 of the Dungeon.
You worshipped Elyvilon.
Elyvilon was pleased with you.
You were very hungry.

You visited 1 branch of the dungeon, and saw 3 of its levels.

You collected 38 gold pieces.

Inventory:

Hand Weapons
 a - a +0 hand axe (weapon)
Missiles
 e - 5 tomahawks of dispersal (quivered)
Armour
 b - a +0 leather armour (worn)
 m - a +1 helmet (worn)
Jewellery
 p - an uncursed ring of ice
Scrolls
 c - a scroll of fog {unknown}
 d - a scroll of blinking
 i - 3 scrolls of identify {unknown}
 l - a scroll of enchant armour {unknown}
 o - a scroll of amnesia {unknown}
 q - a scroll of fear {unknown}
Comestibles
 f - a bread ration
 j - 4 fruits
 k - 2 royal jellies
 n - a meat ration


   Skills:
 * Level 4.1 Fighting
 * Level 4.0 Axes
 - Level 0.8 Throwing
 + Level 2.1 Armour
 - Level 1.5 Dodging
 - Level 1.5 Spellcasting
 - Level 2.4 Translocations
 + Level 1.1 Invocations


You had 4 spell levels left.
You knew the following spells:

 Your Spells              Type           Power        Failure   Level  Hunger
a - Blink                 Tloc           N/A          32%         2    ###....


Dungeon Overview and Level Annotations

Branches:
Dungeon (3/15)

Altars:
Elyvilon

Annotations:
D:3 Sigmund


Innate Abilities, Weirdness & Mutations

You are partially covered in iridescent scales. (AC +2)
You are partially covered in large bone plates. (SH +4)
Your spells are a little harder to cast, but a little more powerful.


Message History

It was a potion of magic.
Magic courses through your body. Something hits you.
* * * LOW HITPOINT WARNING * * *
Damage: -5%(-2hp) hp: 25%(10hp)
You aren't carrying any potions.
Unknown command.
Okay, then.
You aren't carrying any potions.
Unknown command.
Press: ? - help, Dir - move target cursor Something is completely unfazed by your meager offer of peace.
You are feeling very hungry.
Something hits you!
* * * LOW HITPOINT WARNING * * *
Huge Dmg: -22%(-9hp) hp: 3%(1hp)
Press: ? - help, Dir - move target cursor, f - you You beseech Elyvilon to protect your life.
Something hits you but does no damage.
There is a stone staircase leading up, spattered with blood here.
Something hits you.
You die...

.. #. .# ##.###
.. ....#
.##.##.#.###
...........
.......#.# #@.#
#..# #.{......#
#.#..###..#
#....)# #..#
...##.## #..#
!... #.# #..#
.... #.# #..#
.....##.####.@#


There were no monsters in sight!

Vanquished Creatures
  4 adders
  A worm (D:3)
  2 dart slugs (D:1)
  A leopard gecko (D:2)
  A ball python (D:1)
  5 giant cockroaches
  8 goblins
  9 hobgoblins
  2 jackals (D:1)
  4 bats
  2 frilled lizards
  4 kobolds
  4 rats
47 creatures vanquished.

Notes
Turn   | Place    | Note
-------+----------+-------------------------------------------
     0 | D:1      | Monsterracer the Hill Orc Warper began the quest for the Orb.
     0 | D:1      | Reached XP level 1. HP: 18/18 MP: 3/3
    20 | D:1      | HP: 8/18 [dart slug/slug dart (4)]
   313 | D:1      | Reached XP level 2. HP: 17/25 MP: 4/4
   473 | D:1      | HP: 12/25 [adder (2)]
   477 | D:1      | HP: 5/25 [adder (1)]
   483 | D:1      | HP: 4/26 [poisoned by an adder]
   488 | D:1      | Learned a level 2 spell: Blink
   493 | D:1      | HP: 2/26 [bat (1)]
   864 | D:1      | Reached XP level 3. HP: 22/31 MP: 5/5
  1611 | D:2      | Found a faded altar of an unknown god.
  1640 | D:2      | Became a worshipper of Elyvilon the Healer
  1640 | D:2      | Reached * piety under Elyvilon
  1836 | D:2      | Reached XP level 4. HP: 37/40 MP: 6/6
  1878 | D:2      | Reached skill level 1 in Invocations
  1929 | D:2      | Reached ** piety under Elyvilon
  2283 | D:3      | Noticed Sigmund
  2320 | D:3      | HP: 20/40 [worm (9)]
  2325 | D:3      | HP: 15/40 [worm (6)]
  2359 | D:3      | HP: 12/40 [something (7)]
  2360 | D:3      | Gained mutation: Your spells are a little harder to cast, but a little more powerful. [potion of mutation]
  2360 | D:3      | Gained mutation: You are partially covered in iridescent scales. (AC +2) [potion of mutation]
  2360 | D:3      | Gained mutation: You are partially covered in large bone plates. (SH +4) [potion of mutation]
  2362 | D:3      | HP: 1/40 [something (9)]
  2365 | D:3      | Slain by Sigmund

Skill      XL: |  1  2  3  4 |
---------------+-------------+-----
Axes           | 3 4 |  4.0
Fighting       | 3 4 |  4.1
Armour         | 2 |  2.1
Invocations    | 1 |  1.1
Throwing       | |  0.8
Dodging        | |  1.5
Spellcasting   | |  1.5
Translocations | |  2.4

Action                   |  1- 3 |  4- 6 || total
-------------------------+-------+-------++-------
Melee: Hand axe          |   122 |    45 ||   167
Invok: Divine Protection |       |     1 ||     1
       Heal Other        |       |     1 ||     1
  Use: Potion            |       |     4 ||     4
 Stab: Sleeping          |     1 |       ||     1
  Eat: Chunk             |     3 |     1 ||     4
Armor: Leather armour    |    45 |    12 ||    57
       Skin              |       |    14 ||    14
Dodge: Dodged            |    69 |    26 ||    95
